 Dungeon Crawl Stone Soup version 0.31-a0-233-g139696dc86 (webtiles) character file.

Game seed: 8224972084194155938

67 qw the Shooter (level 4, -1/26 HPs)
             Began as a Gargoyle Hexslinger on July 8, 2023.
             Slain by a goblin
             ... wielding a +0 dagger
             ... led by Robin
              (3 damage)
             ... on level 2 of the Dungeon.
             The game lasted 00:00:37 (1348 turns).

qw the Shooter (Gargoyle Hexslinger)                Turns: 1348, Time: 00:00:37

Health: -1/26      AC:  6    Str: 12    XL:     4   Next: 18%
Magic:  5/5        EV: 12    Int: 13    God:
Gold:   101        SH:  0    Dex: 14    Spells: 4/5 levels left

rFire   . . .        Y - +1 sling
rCold   . . .        (no shield)
rNeg    + . .        c - +0 robe
rPois   inf          (no helmet)
rElec   +            (no cloak)
rCorr   .            e - +0 pair of gloves
SInv    .            (no boots)
Will    .....        (no amulet)
Stlth   +            (no ring)
HPRegen 0.24/turn    (no ring)
MPRegen 0.09/turn

%: no passive effects
@: no status effects
A: sickness immunity, AC +3, negative energy resistance 1, electricity
resistance, torment resistance 1, petrification resistance
a: no special abilities


You were on level 2 of the Dungeon.
You visited 1 branch of the dungeon, and saw 2 of its levels.

You collected 101 gold pieces.


Innate Abilities, Weirdness & Mutations

You are immune to sickness and miasma.
Your stone body is resilient. (AC +3)
You are immune to poison.
You resist negative energy. (rN+)
You are resistant to electric shocks. (rElec)
You are resistant to unholy torment.
You are immune to petrification.


   Skills:
 - Level 2.0 Fighting
 + Level 4.0 Ranged Weapons
 - Level 1.5 Dodging
 - Level 1.0 Spellcasting
 - Level 2.6 Hexes


You had 4 spell levels left.
You knew the following spells:

 Your Spells              Type           Power      Damage    Failure   Level
a - Slow                  Hex            28%        N/A       10%         1

Your spell library contained the following spells:

 Spells                   Type           Power      Damage    Failure   Level
 Inner Flame              Hex/Fire       4%         N/A       43%         3
 Portal Projectile        Hex/Tloc       8%         N/A       43%         3
 Cause Fear               Hex            3%         N/A       67%         4

Inventory:

Hand Weapons
 Y - a +1 sling (weapon)
Armour
 b - the +2 leather armour of the Butterfly {rCorr Int+2 Dex+2}
   (You found it on level 2 of the Dungeon)

   Int:       It affects your intelligence (+2).
   Dex:       It affects your dexterity (+2).
   rCorr:     It protects you from acid and corrosion.
 c - a +0 robe (worn)
 e - a +0 pair of gloves (worn)
Potions
 a - a potion of enlightenment {unknown}
 f - a potion of ambrosia {unknown}

Dungeon Overview and Level Annotations

Branches:
Dungeon (2/15)

Altars:

Annotations:
D:2 Robin


Message History

Robin roars a battlecry!
The goblins go into a battle-frenzy!
You shoot a sling bullet.
The sling bullet barely misses the goblin.
The sling bullet closely misses the goblin.
The goblin hits you with a +0 dagger. The goblin barely misses you.
The goblin closely misses you.
Robin points. "Kill!"
You shoot a sling bullet.
The sling bullet barely misses the goblin.
The sling bullet hits the goblin but does no damage.
The goblin barely misses you. The goblin misses you.
The goblin closely misses you. The goblin hits you but does no damage.
The goblin closely misses you.
You shoot a sling bullet.
The sling bullet closely misses the goblin.
The sling bullet hits Robin.
Robin is moderately wounded.
The goblin barely misses you.
The goblin hits you but does no damage. x2
You shoot a sling bullet.
The sling bullet barely misses the goblin.
The goblin hits you but does no damage. The goblin closely misses you.
The goblin barely misses you. x2; Robin throws the goblin at you!
You shoot a sling bullet.
The sling bullet closely misses the goblin.
The goblin hits you with a +0 club. The goblin hits you with a +0 dagger.
The goblin hits you but does no damage. The goblin hits you with a +0 club.
Robin says, "A pitiful Gargoyle like you will never find the ORB!"
Robin misses you.
You shoot a sling bullet.
The sling bullet closely misses the goblin.
The goblin closely misses you. The goblin barely misses you. x2
The goblin hits you with a +0 dagger. Robin throws the goblin at you!
You shoot a sling bullet. The sling bullet hits the goblin!
You kill the goblin!
The goblin hits you with a +0 club. The goblin hits you but does no damage.
Robin barely misses you. The goblin closely misses you.
Robin hits you with a +0 falchion. The goblin hits you with a +0 dagger.
The goblin hits you with a +0 club. The goblin hits you with a +0 dagger.
You die...

#.>.. ####.#### ...).
######....# #...#
#.......### #...#
#.####..#
#..)###.####..######
#..........).....<#.
#####...###.#......##.#.
<......g..........%.%.#.
......)@...........<...)
......ggg.....#.#.##..#.
#####...###.#.#.#.....#.
#.... ............#.
#...#.#####.####.##.
#...#. ... ..... #....
#######. #...# #. #.


You could see Robin and 3 goblins.

Vanquished Creatures
  An adder (D:2)
  A dart slug (D:1)
  2 ball pythons (D:1)
  6 endoplasms
  4 giant cockroaches (D:1)
  9 goblins
  7 hobgoblins
  5 jackals
  6 bats
  3 kobolds
  4 rats (D:1)
48 creatures vanquished.

Notes
Turn   | Place    | Note
-------+----------+-------------------------------------------
     0 | D:1      | qw the Gargoyle Hexslinger began the quest for the Orb.
     0 | D:1      | Reached XP level 1. HP: 12/12 MP: 2/2
     0 | D:1      | 0 ||| qw: Version: 0.3-a-46-gb1f654a
     0 | D:1      | 0 ||| qw: Game counter: 3536
     0 | D:1      | 0 ||| qw: Melee chars always use a shield: true
     0 | D:1      | 0 ||| qw: God list: Okawaru
     0 | D:1      | 0 ||| qw: Allow faded altars: false
     0 | D:1      | 0 ||| qw: Do Orc after clearing Dungeon:15 true
     0 | D:1      | 0 ||| qw: Do second Lair branch before Depths: true
     0 | D:1      | 0 ||| qw: Lair rune preference: random
     0 | D:1      | 0 ||| qw: Goals: Normal
     0 | D:1      | 0 ||| PLANNING D:1-11
   168 | D:1      | Reached XP level 2. HP: 15/16 MP: 3/3
   256 | D:1      | Reached skill level 3 in Ranged Weapons
   501 | D:1      | Reached XP level 3. HP: 8/21 MP: 4/4
  1072 | D:1      | 1072 ||| UPGRADING to +0 pair of gloves.
  1077 | D:1      | 1077 ||| READING scroll labelled XOOV MUHUU.
  1094 | D:1      | 1094 ||| READING scroll labelled YHYESU FEVIRE.
  1095 | D:1      | 1095 ||| DROPPING scroll of poison.
  1139 | D:2      | 1139 ||| STAIRDANCE
  1246 | D:2      | Reached XP level 4. HP: 20/26 MP: 5/5
  1273 | D:2      | Identified the +2 leather armour of the Butterfly {rCorr
                  | Int+2 Dex+2}
  1336 | D:2      | Reached skill level 4 in Ranged Weapons
  1338 | D:2      | Noticed Robin
  1348 | D:2      | HP: 4/26 [goblin/+0 dagger[Robin] (5)]
  1348 | D:2      | Slain by a goblin

Levels and vault maps discovered:
D:1:      ncdulo_halloftheorcs, layout_loops_corners, hex_tiny
D:2:      layout_loops_cross, minivault_14, uniq_sigmund, uniq_robin,
          uniq_crazy_yiuf_cottage

Skill      XL: |  1  2  3  4 |
---------------+-------------+-----
Ranged Weapons | 3 4 |  4.0
Fighting       | 2 |  2.0
Dodging        | |  1.5
Spellcasting   | |  1.0
Hexes          | |  2.6

Action                     |  1- 3 |  4- 6 || total
---------------------------+-------+-------++-------
   Fire: Sling             |   162 |    25 ||   187
    Use: Scroll            |     2 |       ||     2
 Armour: Robe              |    65 |    12 ||    77
  Dodge: Dodged            |   118 |    19 ||   137

Table legend:
 A = Non-vault XP
 B = Vault XP
 C = Vault XP percentage of total XP
 D = Non-vault monster count
 E = Vault monster count
 F = Vault count percentage of total count
                 A         B        C        D         E       F
            +---------+---------+-------+---------+---------+-------
      Total |      86 |      13 |  13.1 |      41 |       7 |  14.6
            +---------+---------+-------+---------+---------+-------
        D:1 |      56 |       0 |   0.0 |      32 |       0 |   0.0
        D:2 |      30 |      13 |  30.2 |       9 |       7 |  43.8
            +---------+---------+-------+---------+---------+-------
